 Dungeon Crawl Stone Soup version 0.20.2-3-g29329e0561 (webtiles) character file.

138 Alfie the Shooter (level 5, -2/45 HPs)
             Began as a Minotaur Hunter on May 4, 2020.
             Slain by Grinder (4 damage)
             ... on level 3 of the Dungeon.
             The game lasted 00:05:24 (1707 turns).

Alfie the Shooter (Minotaur Hunter)                 Turns: 1707, Time: 00:05:25

Health: -2/45      AC:  3    Str: 17    XL:     5   Next: 1%
Magic:  4/4        EV: 12    Int:  8    God:
Gold:   100        SH:  0    Dex: 11    Spells: 4/4 levels left

rFire    . . .     SeeInvis .   b - +0 short sword
rCold    . . .     Gourm    .   (no shield)
rNeg     . . .     Faith    .   c - +0 leather armour
rPois    .         Spirit   .   (helmet restricted)
rElec    .         Reflect  .   (no cloak)
rCorr    .         Harm     .   (no gloves)
MR       .....                  (no boots)
Stlth    +.........             (no amulet)
Regen    0.2/turn               (no ring)
MPRegen  0.1/turn               (no ring)

@: no status effects
A: retaliatory headbutt, horns 2
a: no special abilities


You were on level 3 of the Dungeon.
You were not hungry.

You visited 1 branch of the dungeon, and saw 3 of its levels.

You collected 100 gold pieces.

Inventory:

Hand Weapons
 a - a +1 shortbow
 b - a +0 short sword (weapon)
 n - a cursed -1 dagger
Missiles
 d - 5 arrows
Armour
 c - a +0 leather armour (worn)
Jewellery
 l - an uncursed amulet of rage {unknown}
Scrolls
 e - 2 scrolls of identify
 h - 2 scrolls of remove curse
 j - 3 scrolls of teleportation
Potions
 i - a potion of heal wounds {unknown}
Comestibles
 f - a bread ration
 g - a royal jelly
 k - 2 meat rations


   Skills:
 + Level 3.2 Fighting
 + Level 1.4 Short Blades
 + Level 6.1 Bows
 + Level 1.4 Armour
 + Level 2.1 Dodging
 + Level 1.0 Stealth


You had 4 spell levels left.
You didn't know any spells.

Dungeon Overview and Level Annotations

Branches:
Dungeon (3/15)

Altars:

Annotations:
D:3 Grinder


Innate Abilities, Weirdness & Mutations

You reflexively headbutt those who attack you in melee.
You have a pair of horns on your head.


Message History

A kobold comes into view.
You closely miss Grinder. Grinder hits you but does no damage.
You closely miss Grinder.
The kobold shouts!
You headbutt Grinder, but do no damage. Grinder gestures at you.
You resist with significant effort.
You hit Grinder.
Grinder is lightly wounded.
Grinder hits you but does no damage.
You barely miss Grinder.
Grinder is lightly wounded.
Grinder gestures at you.
You barely resist. You closely miss Grinder.
Grinder is lightly wounded.
Grinder hits you.
* * * LOW HITPOINT WARNING * * *
You writhe in agony.
You die...

.#( . #5#
....#. #)#
......####)#
(........†.#
......#.)###
.<.........#
...?.....#.#
).#'#.##.#.###
. # #. ..#.5@#
####.#.#.#
....K...#
.....##.#
...... #.#
...... #.#
...... #.#
....$. ..# ..#


You could see Grinder and a kobold.

Vanquished Creatures
  An orc priest (D:3)
  Terence (D:2)
  3 adders
  An ooze (D:2)
  2 worms (D:2)
  A dart slug (D:2)
  2 leopard geckos (D:2)
  4 orcs (D:3)
  4 bats
  A giant cockroach (D:2)
  3 goblins
  4 hobgoblins
  A quokka (D:2)
  4 frilled lizards
  11 kobolds
  5 rats
48 creatures vanquished.

Notes
Turn   | Place    | Note
-------+----------+-------------------------------------------
     0 | D:1      | Alfie the Minotaur Hunter began the quest for the Orb.
     0 | D:1      | Reached XP level 1. HP: 18/18 MP: 0/0
   199 | D:1      | Reached XP level 2. HP: 25/25 MP: 1/1
   300 | D:1      | Reached skill level 5 in Bows
   822 | D:2      | Noticed Terence
   837 | D:2      | Killed Terence
   837 | D:2      | Reached XP level 3. HP: 9/30 MP: 2/2
  1281 | D:2      | Reached skill level 1 in Armour
  1281 | D:2      | Reached XP level 4. HP: 33/37 MP: 3/3
  1659 | D:3      | Noticed Grinder
  1664 | D:3      | Reached skill level 6 in Bows
  1669 | D:3      | Reached skill level 1 in Short Blades
  1672 | D:3      | HP: 1/38 [orc priest/nerve-wracking pain (11)]
  1681 | D:3      | Reached skill level 1 in Stealth
  1681 | D:3      | Reached XP level 5. HP: 9/45 MP: 4/4
  1707 | D:3      | HP: 2/45 [Grinder (4)]
  1707 | D:3      | Slain by Grinder

Skill      XL: |  1  2  3  4 |
---------------+-------------+-----
Bows           | 5 6 |  6.1
Armour         | 1 |  1.4
Fighting       | 3 |  3.2
Short Blades   | 1 |  1.4
Stealth        | 1 |  1.0
Dodging        | |  2.1

Action                   |  1- 3 |  4- 6 || total
-------------------------+-------+-------++-------
Melee: Short sword       |    17 |    38 ||    55
       Headbutt          |     5 |     6 ||    11
 Fire: Shortbow          |    69 |    19 ||    88
  Use: Scroll            |     2 |       ||     2
       Potion            |     1 |     1 ||     2
 Stab: Sleeping          |     1 |       ||     1
  Eat: Royal jelly       |     1 |       ||     1
Armor: Leather armour    |    10 |     9 ||    19
       Skin              |     9 |       ||     9
Dodge: Dodged            |    21 |    26 ||    47
